 Dungeon Crawl Stone Soup version 0.26.0-3-g156281e41b (webtiles) character file.

Game seed: 2582381195634717489

319247 EnegeticOcto the Champion of Chaos (level 20, -4/204 HPs)
             Began as a Deep Dwarf Fighter on Jan 9, 2021.
             Was the Champion of Makhleb.
             Slain by a golden dragon (16 damage)
             ... on level 3 of the Realm of Zot.
             The game lasted 00:20:49 (19536 turns).

EnegeticOcto the Champion of Chaos (DDFi)          Turns: 19536, Time: 00:20:50

Health: -4/204     AC: 26    Str: 28 (29) XL:     20   Next: 21%
Magic:  16/16      EV: 14    Int:  8 (9)  God:    Makhleb [******]
Gold:   959        SH: 19    Dex: 12      Spells: 19/19 levels left

rFire    + . .     SeeInvis .   F - +7 Singing Sword {vorpal, sonic wave}
rCold    + . .     Faith    .   c - +0 kite shield
rNeg     + . .     Spirit   .   X - +0 storm dragon scales
rPois    .         Reflect  +   i - +0 helmet
rElec    +         Harm     .   f - +1 cloak {Stlth+}
rCorr    .         Rampage  .   u - +2 pair of gloves
Will     +++..                  x - +2 pair of boots
Stlth    ..........             L - amulet of reflection
HPRegen  0.00/turn              K - ring of protection from fire
MPRegen  0.15/turn              N - ring of protection from cold

@: lethally poisoned (-4 -> -6), non-regenerating, slowed, studying Shields,
very slow
A: damage resistance, heal wounds, slimy green scales 1, blink, deformed body,
deterioration 1, negative energy resistance 1, sense surroundings 3, no potion
heal 2, no regeneration
}: 3/15 runes: decaying, abyssal, gossamer
a: Heal Wounds, Blink, Renounce Religion, Minor Destruction, Lesser Servant of
Makhleb, Major Destruction, Greater Servant of Makhleb


You were on level 3 of the Realm of Zot.
You worshipped Makhleb.
Makhleb was exalted by your worship.
You visited 8 branches of the dungeon, and saw 38 of its levels.
You visited the Abyss 1 time.
You also visited: Bailey.

You collected 2657 gold pieces.
You spent 1698 gold pieces at shops.

Inventory:

Hand Weapons
 a - a +1 vorpal war axe
 F - the +7 Singing Sword (weapon) {vorpal, sonic wave}
   (You found it on level 12 of the Dungeon)

   It inflicts extra damage upon your enemies.
 I - a +3 dagger of distortion
Missiles
 v - 4 throwing nets
Armour
 c - a +0 kite shield (worn)
 f - a +1 cloak of stealth (worn)
 i - a +0 helmet (worn)
 u - a +2 pair of gloves (worn)
 x - a +2 pair of boots (worn)
 y - +0 gold dragon scales
 T - the +10 plate armour of Lugonu's Hope {rPois Will++}
   (You bought it in a shop on level 6 of the Dungeon)

   It protects you from poison.
   It affects your willpower, your defense against some magical effects.
 X - +0 storm dragon scales (worn)
Jewellery
 b - an uncursed ring of positive energy
 G - a +4 ring of evasion
 K - a ring of protection from fire (left hand)
 L - an amulet of reflection (around neck)
 N - a ring of protection from cold (right hand)
 U - an uncursed ring of resist corrosion {unknown}
Wands
 m - a wand of iceblast (17) {@v2}
 p - a wand of disintegration (20)
 C - a wand of digging (7) {@v3}
 D - a wand of polymorph (18)
 H - a wand of paralysis (8)
 P - a wand of acid (17) {@v1}
Scrolls
 e - 2 scrolls of identify {@r1}
 g - 9 scrolls of immolation
 q - 12 scrolls of remove curse {@r2}
 w - 2 scrolls of blinking {@r4}
 z - 4 scrolls of enchant weapon
 E - 4 scrolls of fear
 J - a scroll of magic mapping {@r5}
 M - 9 scrolls of teleportation {@r3}
 S - 2 scrolls of fog
 W - a scroll of enchant armour
Potions
 d - 2 potions of might {@q3}
 h - 2 potions of brilliance
 j - 6 potions of heal wounds {@q2}
 k - 3 potions of ambrosia
 l - 3 potions of cancellation
 n - 7 potions of curing {@q1}
 o - 5 potions of lignification
 r - 6 potions of degeneration
 s - 2 potions of berserk rage
 t - 6 potions of haste {@q4}
 O - 2 potions of magic
 Q - a potion of flight
 R - 2 potions of resistance {unknown}
Books
 A - a manual of Shields
Miscellaneous
 B - a tin of tremorstones (2/2)
 V - a box of beasts


   Skills:
 * Level 17.8 Fighting
 - Level 16.0 Long Blades
 - Level 12.9 Axes
 + Level 16.6 Armour
 + Level 10.1 Dodging
 - Level 15.0 Shields
 + Level 18.5 Invocations
 - Level 10.0 Evocations


You had 19 spell levels left.
You didn't know any spells.
Your spell library was empty.

Dungeon Overview and Level Annotations

Branches:
Dungeon (15/15)            Temple (1/1) D:5            Lair (4/6) D:10
  Swamp (4/4) Lair:3       Spider (4/4) Lair:2          Orc (2/2) D:9
    Elf (0/3) Orc:2        Vaults (0/5) D:13         Depths (5/5) D:15
    Zot (3/5) Depths:5     Bailey (visited)

Altars:
Cheibriados
Dithmenos
Kikubaaqudgha
Makhleb
Okawaru
Sif Muna
Vehumet
Wu Jian
Xom
Beogh

Shops:
D:6 [   D:9 :   D:11 !   D:13 }   D:14 *   Orc:2 }[!(

Portals:
Hell: Depths:3
Trove: D:10 (give 18 scrolls of teleportation)

Annotations:
Lair:1 3 runed translucent doors, aeroqp's ghost, journeyman DrCj
Lair:2 3 runed translucent doors, Pechyafi's ghost, journeyman DDEE


Innate Abilities, Weirdness & Mutations

You are resistant to damage.
You can heal yourself by infusing magical energy.
You resist negative energy. (rN+)
You passively map a large area around you.
You do not regenerate.
You are partially covered in slimy green scales. (AC +2)
You can translocate small distances at will.
Armour fits poorly on your strangely shaped body.
Your body sometimes deteriorates upon taking damage.
Potions are poor at restoring your health.


Message History

The golden dragon goes berserk!
The golden dragon bites you!!
Your body deteriorates!
You feel dopey. The golden dragon barely misses you.
The golden dragon tramples you but does no damage.
You slash the golden dragon!
The golden dragon is heavily wounded.
You feel very sick. The golden dragon bites you!!!
* * * LOW HITPOINT WARNING * * *
You block the golden dragon's attack. The golden dragon tramples you!
* * * LOW HITPOINT WARNING * * *
You stumble backwards!
The golden dragon bites you but does no damage.
You block the golden dragon's attack.
The golden dragon tramples you but does no damage.
You are too injured to fight recklessly!
You are too injured to fight recklessly!
You are too injured to fight recklessly!
You are too injured to fight recklessly!
You are too injured to fight recklessly!
You are too injured to fight recklessly!
You feel much better.
You feel very sick.
You block the golden dragon's attack. x2
The golden dragon tramples you but does no damage.
You block the moth of wrath's attack. You block the golden dragon's attack.
The golden dragon claws you but does no damage.
The golden dragon barely misses you.
You feel much better.
You feel very sick.
You block the golden dragon's attack. x2
The golden dragon tramples you but does no damage.
The moth of wrath closely misses you. You block the golden dragon's attack.
The golden dragon barely misses you. You block the golden dragon's attack.
The moth of wrath bites you but does no damage.
The golden dragon bites you but does no damage.
The golden dragon completely misses you.
The golden dragon barely misses you.
Your magical essence is drained by the effort!
You feel much better.
You feel very sick. You block the moth of wrath's attack.
The golden dragon barely misses you.
You riposte.
You hit the golden dragon but do no damage.
The Screaming Sword yells, "CUT!
CUT!
CUT AND SLASH!"
You send a blast of sound all around you.
The moth of wrath and the golden dragon are blasted.
The moth of wrath is severely wounded.
The golden dragon is heavily wounded. x2
You block the golden dragon's attack. The golden dragon tramples you!!
You stumble backwards!
The moth of wrath barely misses you. You block the golden dragon's attack.
The golden dragon closely misses you. x2
You hear a shout!
You hear a chilling moan.
You are too injured to fight recklessly!
You are too injured to fight recklessly!
You are too injured to fight recklessly!
You are too injured to fight recklessly!
You are too injured to fight recklessly!
You are too injured to fight recklessly!
Your magical essence is drained by the effort!
You feel much better.
You feel very sick.
You block the golden dragon's attack. x2; The golden dragon tramples you.
You stumble backwards!
The golden dragon bites you! The golden dragon claws you!!
The golden dragon tramples you!
You stumble backwards!
You are too injured to fight recklessly!
You are too injured to fight recklessly!
You are too injured to fight recklessly!
You are too injured to fight recklessly!
You are too injured to fight recklessly!
Your magical essence is drained by the effort!
You feel much better.
You feel very sick. You block the golden dragon's attack.
The golden dragon barely misses you. The golden dragon closely misses you.
The moth of wrath misses you.
The golden dragon completely misses you.
You riposte.
You slash the golden dragon!
The Singing Sword emits a flourish of trumpets.
You send a blast of sound all around you.
The moth of wrath and the golden dragon are blasted.
The moth of wrath is almost dead.
The golden dragon is severely wounded. x2
The golden dragon barely misses you. You block the golden dragon's attack.
The moth of wrath bites you but does no damage.
You feel much better.
You feel very sick. The golden dragon bites you!!! The golden dragon claws you!
* * * LOW HITPOINT WARNING * * *
The golden dragon tramples you!
* * * LOW HITPOINT WARNING * * *
You stumble backwards!
The golden dragon bites you!!
* * * LOW HITPOINT WARNING * * *
Your body deteriorates!
You feel weakened. You block the golden dragon's attack.
The golden dragon tramples you but does no damage.
You block the golden dragon's attack.
The golden dragon claws you but does no damage.
The golden dragon tramples you!!
You die...

* , , ,
##### * ,,,
,, , #...#
* **,, **
#...# , *
#...# ,
#...# ***
#...#
#.@.######
, *
#.Dy......,
,, ,
#.........
, ,
#.........*
*
#.....####
, #.....# ,
#.....# *
#<....# *,,
#..$..#


You could see a golden dragon (berserk) and a moth of wrath.

Vanquished Creatures
  An orb of fire (Zot:1)
  4 golden dragons
  Jory (Depths:5)
  A profane servitor (Abyss:3)
  3 tentacled monstrosities
  4 quicksilver dragons
  2 death cobs
  2 thorn hunters (Swamp:4)
  4 storm dragons
  2 shadow dragons
  Kirke (D:15)
  6 draconian monks
  A daeva (Abyss:3)
  4 fire giants
  A frost giant (Depths:4)
  4 draconian scorchers
  3 ghost moths (Spider:4)
  7 draconian knights
  8 emperor scorpions
  3 draconian shifters
  2 draconian stormcallers (Zot:1)
  5 draconian annihilators
  3 very ugly things
  3 stone giants
  9 green draconians
  5 black draconians
  12 red draconians
  2 lorocyprocas
  The ghost of kikerikii the Fighter, a journeyman NaFi of Gozag (Orc:1)
  4 entropy weavers
  6 yellow draconians
  5 white draconians
  Azrael (D:12)
  7 purple draconians
  6 spark wasps
  The ghost of Caminho the Cleaver, a journeyman MiFi of Uskayaw (Orc:1)
  2 ettins
  A fire dragon (Depths:5)
  Snorg (Orc:2)
  An eleionoma (Swamp:4)
  3 shambling mangroves (Swamp:4)
  4 vault guards (D:13)
  Harold (D:7)
  A yaktaur captain (Depths:4)
  A rakshasa (Depths:2)
  A great orb of eyes (Depths:3)
  17 hydras
  4 ice dragons
  2 boulder beetles
  4 ogre magi
  2 catoblepae
  3 centaur warriors
  A ghost crab (Swamp:3)
  4 alligators
  A spriggan air mage (Depths:4)
  3 death yaks (D:10)
  5 deep troll earth magi
  4 tengu warriors
  5 two-headed ogres
  2 deep troll shamans
  A thrashing horror (Abyss:3)
  Urug (D:11)
  2 spriggan berserkers
  A vampire mage (Depths:5)
  9 spriggans
  Nergalle (D:12)
  An orc high priest (Orc:1)
  A wretched star (Abyss:3)
  A fire crab (shapeshifter) (Abyss:3)
  A flayed ghost (Depths:4)
  4 unseen horrors
  2 goliath frogs
  6 deep trolls
  3 wizards
  4 death drakes (Depths:5)
  A glowing orange brain (Depths:4)
  14 swamp dragons
  3 spriggan druids
  6 bog bodies
  4 lindwurms (Depths:5)
  Pikel (D:5)
  3 orc knights (Orc:2)
  An orb spider (shapeshifter) (Depths:5)
  14 orb spiders
  9 cyclopes
  24 wolf spiders
  18 ugly things
  7 orc sorcerers (Orc:2)
  A deep elf mage (D:14)
  5 will-o-the-wisps
  3 manticores
  14 moths of wrath
  4 draconians (Abyss:3)
  4 black mambas
  4 elephants (Lair:2)
  A rust devil (Depths:3)
  2 gargoyles
  Joseph (D:7)
  8 cane toads
  2 torpor snails
  An orange demon (Depths:3)
  2 rime drakes
  An ice devil (Depths:3)
  A hellion (Abyss:3)
  A kobold demonologist (D:13)
  10 demonic crawlers
  An efreet (Zot:1)
  4 komodo dragons
  7 yaktaurs
  2 tengu conjurers
  7 trolls
  A bloated husk (Swamp:2)
  A polar bear (Lair:3)
  3 meliai (D:14)
  A polar bear (shapeshifter) (D:15)
  25 jumping spiders
  2 tyrant leeches
  10 hornets
  A wind drake (Depths:5)
  Prince Ribbit (D:8)
  15 slime creatures
  61 redbacks
  21 tarantellas
  A shadow (D:12)
  A wraith (D:14)
  A centaur simulacrum (D:14)
  4 water elementals
  3 basilisks
  15 yaks
  4 wyverns
  23 fire elementals
  5 hogs (D:15)
  A neqoxec (Abyss:3)
  2 large abominations
  5 vampire mosquitoes
  2 acid dragons
  2 wargs (Orc:2)
  12 swamp worms
  A soldier ant (D:12)
  A hell hound (D:12)
  Duvessa (D:7)
  26 orc warriors
  5 water moccasins
  2 sky beasts
  A meliai simulacrum (D:15)
  6 ice beasts
  13 swamp drakes
  13 ogres
  An eye of draining (D:13)
  4 phantoms
  9 wolves
  A necrophage (D:10)
  16 centaurs
  5 big kobolds (D:13)
  16 bullfrogs
  A wyvern skeleton (D:11)
  10 scorpions
  Dowan (D:7)
  7 killer bees
  A water moccasin skeleton (D:7)
  11 wights
  5 howler monkeys
  An electric eel (Lair:3)
  2 centaur zombies
  A bullfrog zombie (D:5)
  5 starcursed masses (Abyss:3)
  3 crimson imps
  6 hounds
  4 quasits
  18 orc priests
  5 jellies
  5 centaur skeletons
  4 bullfrog skeletons
  Jessica (D:3)
  38 orc wizards
  Ijyb (D:3)
  4 iguanas
  4 hell rats (D:10)
  11 worker ants
  A killer bee zombie (D:9)
  A hound zombie (D:9)
  A worker ant zombie (D:11)
  Robin (D:2)
  4 gnolls (D:9)
  7 adders
  3 river rats (D:10)
  3 shadow imps
  5 white imps
  2 ufetubi
  An adder skeleton (D:4)
  A dart slug (D:2)
  A worm (Lair:2)
  3 leopard geckos
  110 orcs
  A ball python (D:4)
  2 giant cockroaches (Lair:2)
  6 goblins
  11 hobgoblins
  22 jackals
  2 quokkas
  7 bats
  A frilled lizard (D:2)
  15 kobolds
  A rat (D:10)
  50 briar patches (Swamp:4)
1191 creatures vanquished.

Vanquished Creatures (collateral kills)
  Nikola (Swamp:3)
  A bunyip (Swamp:3)
  An alligator (Swamp:3)
  A centaur warrior (D:10)
  A swamp dragon (Swamp:3)
  2 vampire mosquitoes (D:10)
  3 orc warriors (Bailey)
  A centaur (Bailey)
  A wight (D:10)
  An orc wizard (D:12)
  3 orcs (Bailey)
16 creatures vanquished.

Vanquished Creatures (others)
  Erolcha (Orc:2)
  An alligator (Swamp:3)
  A moth of wrath (Zot:1)
  A water elemental (Depths:3)
  A human (D:15)
  A fire elemental (D:12)
  A swamp worm (Swamp:2)
  A swamp drake (Depths:5)
  A white imp (Abyss:3)
  12 briar patches (Swamp:4)
  20 foxfires
  18 fungi
  137 plants
196 creatures vanquished.

Grand Total: 1403 creatures vanquished

Notes
Turn   | Place    | Note
-------+----------+-------------------------------------------
     0 | D:1      | EnegeticOcto the Deep Dwarf Fighter began the quest for the
                  | Orb.
     0 | D:1      | Reached XP level 1. HP: 20/20 MP: 1/1
   273 | D:2      | Reached XP level 2. HP: 27/27 MP: 2/2
   297 | D:2      | Noticed Robin
   308 | D:2      | Killed Robin
   309 | D:2      | Reached XP level 3. HP: 27/34 MP: 3/3
   624 | D:3      | Noticed Jessica
   632 | D:3      | Reached XP level 4. HP: 39/42 MP: 3/3
   636 | D:3      | Killed Jessica
   743 | D:3      | Noticed Ijyb
   763 | D:3      | Killed Ijyb
  1050 | D:4      | Reached XP level 5. HP: 38/49 MP: 4/4
  1120 | D:4      | Noticed a phantom
  1154 | D:4      | Killed a phantom
  1155 | D:4      | Reached XP level 6. HP: 51/57 MP: 5/5
  1243 | D:4      | Reached skill level 5 in Axes
  1369 | D:4      | Reached XP level 7. HP: 33/64 MP: 6/6
  1551 | D:4      | Reached skill level 5 in Shields
  1681 | D:5      | Entered Level 5 of the Dungeon
  1718 | D:5      | Found a staircase to the Ecumenical Temple.
  1729 | Temple   | Entered the Ecumenical Temple
  1736 | Temple   | Became a worshipper of Makhleb the Destroyer
  1761 | D:5      | Noticed Pikel
  1776 | D:5      | Killed Pikel
  1777 | D:5      | Reached skill level 5 in Armour
  1777 | D:5      | Reached skill level 2 in Invocations
  1777 | D:5      | Reached XP level 8. HP: 53/73 MP: 6/8
  2403 | D:6      | Reached skill level 3 in Invocations
  2428 | D:6      | Found Roejitz's Antique Armour Shoppe.
  2640 | D:6      | Reached * piety under Makhleb
  2708 | D:6      | Reached skill level 5 in Fighting
  2919 | D:6      | Reached skill level 4 in Invocations
  3158 | D:7      | Found an ornate altar of the Wu Jian Council.
  3175 | D:7      | Gained mutation: You passively map the area around you.
                  | [Deep Dwarf growth]
  3175 | D:7      | Reached XP level 9. HP: 40/81 MP: 10/10
  3255 | D:7      | Noticed Joseph
  3279 | D:7      | Killed Joseph
  3281 | D:7      | Got a warped tin ring
  3282 | D:7      | Identified the ring "Iplozurr" {*Tele *Contam rN+ SInv}
                  | (You found it on level 7 of the Dungeon)
  3286 | D:7      | Gained mutation: Your body sometimes deteriorates upon
                  | taking damage. [mutagenic glow]
  3394 | D:7      | Reached skill level 5 in Invocations
  3598 | D:7      | Noticed Harold
  3613 | D:7      | Killed Harold
  3716 | D:7      | Noticed Duvessa
  3721 | D:7      | Noticed Dowan
  3730 | D:7      | Killed Dowan
  3731 | D:7      | Reached skill level 6 in Invocations
  3733 | D:7      | Killed Duvessa
  3970 | D:7      | Noticed a cyclops
  3978 | D:7      | Reached XP level 10. HP: 62/91 MP: 11/11
  4009 | D:7      | Killed a cyclops
  4009 | D:7      | Reached ** piety under Makhleb
  4201 | D:8      | Reached skill level 10 in Axes
  4393 | D:8      | Noticed Prince Ribbit
  4576 | D:8      | Found a flagged portal.
  4585 | Bailey   | Entered a bailey
  4604 | Bailey   | Reached *** piety under Makhleb
  4711 | Bailey   | Reached skill level 7 in Invocations
  5059 | D:8      | Killed Prince Ribbit
  5215 | D:9      | Reached **** piety under Makhleb
  5242 | D:9      | Found a roughly hewn altar of Beogh.
  5267 | D:9      | Found a staircase to the Orcish Mines.
  5464 | D:9      | Found Qoxism's Book Shop.
  5579 | D:10     | Entered Level 10 of the Dungeon
  5622 | D:10     | Reached XP level 11. HP: 96/100 MP: 12/12
  5646 | D:10     | Found a portal to a secret trove of treasure.
  5693 | D:10     | Noticed a death yak
  5697 | D:10     | Noticed a death yak
  5700 | D:10     | Noticed a death yak
  5734 | D:10     | Killed a death yak
  5735 | D:10     | Reached skill level 8 in Invocations
  5741 | D:10     | Killed a death yak
  5770 | D:10     | Killed a death yak
  5783 | D:10     | Found a staircase to the Lair.
  5803 | D:10     | Noticed a centaur warrior
  5816 | D:10     | Killed a centaur warrior
  5860 | D:10     | Reached ***** piety under Makhleb
  5967 | D:10     | Reached skill level 10 in Shields
  6029 | D:10     | Reached skill level 9 in Invocations
  6225 | D:6      | Bought an ancient plate armour for 616 gold pieces
  6235 | D:6      | Identified the +10 plate armour of Lugonu's Hope {rPois
                  | Will++} (You bought it in a shop on level 6 of the Dungeon)
  6430 | D:11     | Found Cuotohob's Distillery.
  6611 | D:11     | Noticed a purple ugly thing
  6626 | D:11     | Killed a purple ugly thing
  6665 | D:11     | Noticed a centaur warrior
  6665 | D:11     | Noticed a two-headed ogre
  6735 | D:11     | Noticed Urug
  6765 | D:11     | Killed Urug
  6766 | D:11     | Reached skill level 1 in Evocations
  7107 | D:12     | Killed an unseen horror
  7108 | D:12     | Reached skill level 1 in Dodging
  7111 | D:12     | Noticed a two-headed ogre
  7112 | D:12     | Noticed an eight-headed hydra
  7114 | D:12     | Noticed Nergalle
  7121 | D:12     | Reached XP level 12. HP: 102/114 MP: 14/14
  7130 | D:12     | Killed a ten-headed hydra
  7138 | D:12     | Killed a two-headed ogre
  7143 | D:12     | Killed Nergalle
  7174 | D:12     | Noticed Azrael
  7194 | D:12     | Killed Azrael
  7197 | D:12     | Found the +7 Singing Sword {vorpal, sonic wave}
  7246 | D:12     | Reached skill level 10 in Invocations
  7380 | D:12     | Noticed Sonja
  7381 | D:12     | Noticed Sonja
  7381 | D:12     | Sonja changed into Sonja the ogre
  7384 | D:12     | Killed Sonja the ogre
  7409 | D:12     | Reached skill level 1 in Long Blades
  7867 | D:13     | Noticed a centaur warrior
  7876 | D:13     | Killed a centaur warrior
  7877 | D:13     | Reached skill level 10 in Armour
  7944 | D:13     | Noticed a vault guard
  7944 | D:13     | Noticed a vault guard
  7956 | D:13     | Killed a vault guard
  7958 | D:13     | Reached skill level 10 in Fighting
  7959 | D:13     | Killed a vault guard
  7990 | D:13     | Noticed a vault guard
  7993 | D:13     | Noticed a vault guard
  7997 | D:13     | Killed a vault guard
  8003 | D:13     | Killed a vault guard
  8041 | D:13     | Found a gate to the Vaults.
  8138 | D:13     | Found Niyluepot's Gadget Shop.
  8313 | D:13     | Reached XP level 13. HP: 124/124 MP: 15/15
  8492 | Lair:1   | Entered Level 1 of the Lair of Beasts
  8499 | Lair:1   | Reached skill level 5 in Long Blades
  8555 | Lair:1   | Reached skill level 11 in Invocations
  8587 | Lair:1   | Noticed aeroqp's ghost (journeyman DrCj)
  8589 | Lair:1   | Noticed a minotaur
  8604 | Lair:1   | Found a runed translucent gate.
  8604 | Lair:1   | Found a runed translucent gate.
  8604 | Lair:1   | Found a runed translucent gate.
  9319 | Lair:2   | Reached ****** piety under Makhleb
  9399 | Lair:2   | Found a runed translucent gate.
  9399 | Lair:2   | Noticed Pechyafi's ghost (journeyman DDEE)
  9400 | Lair:2   | Found a runed translucent gate.
  9404 | Lair:2   | Found a runed translucent gate.
  9424 | Lair:2   | Found a hole to the Spider Nest.
 10635 | Lair:3   | Found a staircase to the Swamp.
 11302 | Lair:4   | Found a radiant altar of Vehumet.
 11465 | Spider:1 | Entered Level 1 of the Spider Nest
 11465 | Spider:1 | Noticed an entropy weaver
 11472 | Spider:1 | Reached skill level 12 in Invocations
 11475 | Spider:1 | Noticed an entropy weaver
 11477 | Spider:1 | Killed an entropy weaver
 11478 | Spider:1 | Gained mutation: You resist negative energy. (rN+) [Deep
                  | Dwarf growth]
 11478 | Spider:1 | Reached XP level 14. HP: 124/136 MP: 17/17
 11740 | Spider:2 | Noticed an emperor scorpion
 11755 | Spider:2 | Killed an emperor scorpion
 11805 | Spider:2 | Noticed a white very ugly thing
 11811 | Spider:2 | Killed a white very ugly thing
 11835 | Spider:2 | Found a frozen archway.
 12052 | Spider:3 | Reached skill level 13 in Invocations
 12058 | Spider:3 | Reached skill level 10 in Long Blades
 12064 | Spider:3 | Reached skill level 15 in Shields
 12078 | Spider:3 | Noticed an emperor scorpion
 12109 | Spider:3 | Killed an emperor scorpion
 12110 | Spider:3 | Reached XP level 15. HP: 147/147 MP: 17/19
 12235 | Spider:4 | Entered Level 4 of the Spider Nest
 12299 | Spider:4 | Killed a ghost moth
 12402 | Spider:4 | Reached skill level 14 in Invocations
 12443 | Spider:4 | Killed a ghost moth
 12686 | Spider:4 | Killed a ghost moth
 12859 | Spider:4 | Got a gossamer rune of Zot
 13131 | Swamp:1  | Entered Level 1 of the Swamp
 13259 | Swamp:3  | Reached XP level 16. HP: 150/159 MP: 17/17
 13262 | Swamp:3  | Identified the +2 pair of gloves of the Pleiades {Rampage
                  | rN++ Regen+ Int-5}
 13262 | Swamp:3  | Noticed Nikola
 13279 | Swamp:3  | Killed Nikola
 13447 | Swamp:4  | Entered Level 4 of the Swamp
 13493 | Swamp:4  | Noticed a thorn hunter
 13518 | Swamp:4  | Killed a thorn hunter
 13569 | Swamp:4  | Reached skill level 15 in Invocations
 13792 | Swamp:4  | Paralysed by a hornet for 2 turns
 13807 | Swamp:4  | Noticed a thorn hunter
 13855 | Swamp:4  | Killed a thorn hunter
 14004 | Swamp:4  | Got a decaying rune of Zot
 14634 | D:14     | Identified the cursed +1 chain mail of Summer {*Drain rElec
                  | rCorr} (You found it on level 14 of the Dungeon)
 14865 | D:14     | Found Mauhijar's General Store.
 14868 | D:14     | Bought a potion of cancellation for 112 gold pieces
 14958 | D:15     | Entered Level 15 of the Dungeon
 15018 | D:15     | Noticed Kirke
 15030 | D:15     | Killed Kirke
 15031 | D:15     | Reached XP level 17. HP: 168/168 MP: 16/16
 15162 | D:15     | Found a staircase to the Depths.
 15374 | D:15     | Reached skill level 15 in Fighting
 16114 | Orc:1    | Entered Level 1 of the Orcish Mines
 16250 | Orc:1    | Found a runed translucent gate.
 16250 | Orc:1    | Found a runed translucent gate.
 16251 | Orc:1    | Found a runed translucent gate.
 16366 | Orc:1    | Noticed Caminho's ghost (journeyman MiFi)
 16366 | Orc:1    | Noticed kikerikii's ghost (journeyman NaFi)
 16378 | Orc:1    | Killed Caminho's ghost
 16381 | Orc:1    | Killed kikerikii's ghost
 16432 | Orc:2    | Entered Level 2 of the Orcish Mines
 16432 | Orc:2    | Found a shimmering altar of Xom.
 16535 | Orc:2    | Found a staircase to the Elven Halls.
 16770 | Orc:2    | Noticed Snorg
 16776 | Orc:2    | Killed Snorg
 16811 | Orc:2    | Reached skill level 16 in Invocations
 16944 | Orc:2    | Found an ancient bone altar of Kikubaaqudgha.
 16947 | Orc:2    | Found Tigipn's Antique Weapon Boutique.
 16959 | Orc:2    | Noticed Erolcha
 16967 | Orc:2    | Reached skill level 5 in Evocations
 16969 | Orc:2    | Killed Erolcha
 16970 | Orc:2    | Found a radiant altar of Vehumet.
 17002 | Orc:2    | Found a roughly hewn altar of Beogh.
 17002 | Orc:2    | Found Sawaliu's Antique Armour Shop.
 17004 | Orc:2    | Found Lelag's Distillery.
 17019 | Orc:2    | Found Jamuakk's Gadget Shop.
 17049 | Orc:2    | Bought 2 potions of haste for 240 gold pieces
 17049 | Orc:2    | Bought 2 potions of haste for 240 gold pieces
 17049 | Orc:2    | Bought a potion of heal wounds for 60 gold pieces
 17049 | Orc:2    | Bought a potion of heal wounds for 60 gold pieces
 17049 | Orc:2    | Bought a potion of might for 48 gold pieces
 17049 | Orc:2    | Bought a potion of haste for 120 gold pieces
 17159 | Orc:2    | Bought an embroidered cloak for 202 gold pieces
 17406 | Depths:1 | Entered Level 1 of the Depths
 17534 | Depths:3 | Reached skill level 5 in Dodging
 17554 | Depths:3 | Reached skill level 15 in Long Blades
 17998 | Depths:3 | Found a gateway to Hell.
 18044 | Depths:4 | Noticed a lich
 18064 | Depths:3 | Cast into level 3 of the Abyss (unwielding a weapon of
                  | distortion)
 18064 | Abyss:3  | Found a corrupted altar of Lugonu.
 18071 | Abyss:3  | Gained mutation: Your magical capacity is low. (-10% MP)
                  | [mutagenic glow]
 18087 | Abyss:3  | Gained mutation: Armour fits poorly on your strangely
                  | shaped body. [mutagenic glow]
 18122 | Abyss:3  | Found a transporter.
 18134 | Abyss:3  | Noticed a quicksilver dragon
 18139 | Abyss:3  | Killed a quicksilver dragon
 18151 | Abyss:3  | Noticed a quicksilver dragon
 18154 | Abyss:3  | Gained mutation: You passively map a large area around you.
                  | [Deep Dwarf growth]
 18154 | Abyss:3  | Reached XP level 18. HP: 143/181 MP: 15/15
 18158 | Abyss:3  | Noticed a profane servitor
 18165 | Abyss:3  | Reached skill level 15 in Armour
 18176 | Abyss:3  | Gained mutation: Scrolls take you a little longer to read.
                  | [a neqoxec]
 18201 | Abyss:3  | Killed a profane servitor
 18207 | Abyss:3  | Found a transporter.
 18212 | Abyss:3  | Got an abyssal rune of Zot
 18230 | Depths:3 | Escaped the Abyss
 18237 | Depths:3 | Lost mutation: Your magical capacity is low. (-10% MP)
                  | [potion of mutation]
 18237 | Depths:3 | Lost mutation: Scrolls take you a little longer to read.
                  | [potion of mutation]
 18237 | Depths:3 | Gained mutation: Your muscles are strong. (Str +2) [potion
                  | of mutation]
 18237 | Depths:3 | Gained mutation: You are partially covered in slimy green
                  | scales. (AC +2) [potion of mutation]
 18237 | Depths:3 | Gained mutation: You can translocate small distances at
                  | will. [potion of mutation]
 18437 | Depths:5 | Entered Level 5 of the Depths
 18437 | Depths:5 | Noticed Jory
 18453 | Depths:5 | Killed Jory
 18720 | Depths:5 | Reached skill level 17 in Invocations
 18802 | Depths:5 | Noticed a golden dragon
 18812 | Depths:5 | Killed a golden dragon
 18901 | Depths:5 | Reached XP level 19. HP: 136/190 MP: 19/19
 18928 | Depths:5 | Found a gate to the Realm of Zot.
 19082 | Zot:1    | Entered Level 1 of the Realm of Zot
 19093 | Zot:1    | Noticed a golden dragon
 19108 | Zot:1    | Killed a golden dragon
 19117 | Zot:1    | Reached skill level 10 in Evocations
 19204 | Zot:1    | Noticed a golden dragon
 19211 | Zot:1    | Noticed an orb of fire
 19219 | Zot:1    | Gained mutation: Potions are less effective at restoring
                  | your health. [an orb of fire]
 19220 | Zot:1    | Reached skill level 18 in Invocations
 19220 | Zot:1    | Gained mutation: Potions are poor at restoring your health.
                  | [an orb of fire]
 19225 | Zot:1    | Killed a golden dragon
 19225 | Zot:1    | Lost mutation: Your muscles are strong. (Str +2) [an orb of
                  | fire]
 19226 | Zot:1    | Killed an orb of fire
 19399 | Zot:2    | Noticed a golden dragon
 19410 | Zot:2    | Killed a golden dragon
 19411 | Zot:2    | Reached XP level 20. HP: 192/202 MP: 21/21
 19483 | Zot:2    | Reached skill level 10 in Dodging
 19519 | Zot:3    | Noticed a golden dragon
 19536 | Zot:3    | Slain by a golden dragon

Illustrated notes

Levels and vault maps discovered:
D:1:      onia_arrival_mini_spirals, layout_loops_corners
D:2:      layout_loops_cross, nicolae_overflow_crystal_walls, zin_academy,
          chequers_ecumenical_altar_twisty, uniq_natasha, uniq_robin
D:3:      layout_basic, kennysheep_jessica_study, uniq_ijyb
D:4:      layout_loops_ring, dk_rats_in_the_wall
D:5:      layout_rooms, minmay_temple_entry_poolview, lemuel_another_geyser,
          uniq_pikel
D:6:      minmay_inner_zag, layout_loops_ring, serial_shops, shop
D:7:      minmay_chambers_of_fours, layout_loops_corners, basic_altar,
          uniq_duvessa, uniq_joseph, uniq_harold
D:8:      layout_basic, enter_bailey_2, uniq_prince_ribbit1
D:9:      layout_rooms, david_orc_5, serial_shops, nicolae_shop_stone
D:10:     layout_basic, dpeg_lair_monsters, enter_trove_0
D:11:     layout_basic, serial_shops, shop, grunt_tough_drop, uniq_urug
D:12:     layout_irregular_city, minmay_starry_boxes, uniq_azrael,
          uniq_nergalle, uniq_sonja
D:13:     layout_irregular_city, lightli_vaults_fourway_checkpoint,
          serial_shops, nicolae_shop_stone, kennysheep_boxes
D:14:     layout_roguey, kennysheep_pointless_box, serial_shops,
          kennysheep_mini_moat
D:15:     grunt_enter_depths_giant_problem, layout_cave_pods, moated_statue,
          uniq_kirke
Temple:   regret_index_temple_chain_breaker
Lair:1:   layout_cellular_growth, maelrawn_ghost_gauntlet_escape,
          grunt_megastairs_1
Lair:2:   layout_layer_cave, nicolae_spider_entry_non_spiders,
          gammafunk_ghost_hydra_chop
Lair:3:   layout_big_grid, nicolae_swamp_entry_splash_gauntlet,
          serial_bayou_shore_a
Lair:4:   layout_misc_corridors, basic_altar
Swamp:1:  layout_falls_marsh, evilmike_swamp_ruin_house_1, uniq_roxanne
Swamp:2:  layout_basic_swamp, nicolae_swamp_little_tower, swamp_pool5,
          infiniplex_staircase_pool_2
Swamp:3:  layout_basic_swamp, ebering_ghost_inner_flame,
          evilmike_swamp_ruin_rubble_2, uniq_nikola
Swamp:4:  swamp_basic_johnstein, layout_basic_swamp
Spider:1: layout_chambers, nicolae_spider_webs_and_nodes
Spider:2: layout_spider_delve, portal_ice_cave_entry_ugly_swarm, drop_trap,
          hangedman_spider_mandibles
Spider:3: layout_spider_delve
Spider:4: grunt_spider_rune_circles, drop_trap
Orc:1:    layout_caves, gammafunk_ghost_cemetery, enter_volcano_3, serial_shops,
          shop
Orc:2:    kennysheep_orc_mage_school, layout_diamond_mine, basic_altar,
          uniq_snorg
Depths:1: layout_basic, enter_ziggurat_b, gammafunk_ghost_crypt, hell_entry,
          pan_entry, infiniplex_enter_wizlab_spiral, abyss_entry_glasseish,
          minmay_misc_feat_enclosed, minmay_statues_item, columned_hall_lemuel,
          minmay_multi_spiral
Depths:2: minmay_stepped, layout_cave_pools, nicolae_twisting_strands,
          pf_hell_entry_tar_spiral
Depths:3: cheibrodos_lost_city_excavation, layout_gridlike,
          grunt_pan_entry_zigzag, hell_entry, minmay_parallelograms,
          serial_curves, eino_curves_01, eino_curves_04, eino_curves_01,
          infiniplex_staircase_zigzag_2
Depths:4: evilmike_inaccessible_box, layout_honeycomb, hell_entry,
          abyss_entry_flame_altar, kennysheep_generic_room_8
Depths:5: lemuel_castle_with_subvaults [lemuel_castle_interior_original],
          layout_gridlike, pf_dread_powers_of_hell, abyss_entry,
          serial_bayou_shore_b, uniq_jory
Zot:1:    lemuel_firehouse, layout_onion_interference
Zot:2:    layout_concentric_octagons, st_stairs_13, grunt_megastairs_4
Zot:3:    layout_cellular_growth, gammafunk_ghost_crypt

Skill      XL: |  1  2  3  4  5  6  7  8  9 10 11 12 13 14 15 16 17 18 19 20 |
---------------+-------------------------------------------------------------+-----
Fighting       | 3 4 5 6 7 9 10 11 13 14 15 16 17 | 17.8
Axes           | 3 4 5 6 8 9 11 12 | 12.9
Armour         | 4 5 6 7 8 9 10 11 12 13 14 15 16 | 16.6
Shields        | 4 5 6 7 8 10 12 13 15 | 15.0
Invocations    | 2 4 6 7 9 10 12 13 14 15 16 17 18 | 18.5
Evocations     | 1 3 6 9 10 | 10.0
Dodging        | 1 2 3 5 7 9 10 | 10.1
Long Blades    | 4 8 10 12 14 15 16 | 16.0

Action                   |  1- 3 |  4- 6 |  7- 9 | 10-12 | 13-15 | 16-18 | 19-21 || total
-------------------------+-------+-------+-------+-------+-------+-------+-------++-------
Melee: War axe           |    91 |   118 |   316 |   822 |     1 |       |       ||  1348
       Double sword      |       |       |       |   117 |   636 |  1035 |   295 ||  2083
Invok: Lesser Servant of |       |       |       |     6 |     1 |     3 |       ||    10
 Abil: Heal Wounds       |     1 |     4 |    13 |    15 |     6 |     6 |    13 ||    58
Evoke: Wand              |       |       |       |     6 |     3 |     7 |       ||    16
  Use: Scroll            |       |       |    14 |     9 |     9 |     7 |     1 ||    40
       Potion            |       |       |     1 |     3 |     4 |     8 |     1 ||    17
 Stab: Distracted        |       |       |       |     1 |       |       |       ||     1
       Confused          |       |       |       |       |       |     2 |       ||     2
Armor: Plate armour      |    82 |    85 |   170 |   603 |   701 |   664 |     8 ||  2313
       Scale mail        |     6 |       |       |       |       |       |       ||     6
       Gold dragon scale |       |       |       |       |       |       |    90 ||    90
       Storm dragon scal |       |       |       |       |       |       |    31 ||    31
Dodge: Dodged            |    18 |    17 |    35 |   258 |   439 |   429 |    88 ||  1284
Block: Kite shield       |    68 |    73 |   175 |   673 |   838 |   968 |   229 ||  3024
       Reflection        |       |       |       |       |     3 |    51 |     2 ||    56
       Rpst.: Double sword |       |       |       |    12 |    92 |    52 |    14 ||   170
